 Dungeon Crawl Stone Soup version 0.22.1-1-ga44c0e56f4 (webtiles) character file.

112 Gaplan the Chopper (level 4, 0/37 HPs)
             Began as a Minotaur Gladiator on Oct 3, 2018.
             Slain by a gnoll
             ... wielding a cursed -3 spear
              (2 damage)
             ... on level 3 of the Dungeon.
             The game lasted 00:04:28 (1502 turns).

Gaplan the Chopper (Minotaur Gladiator)             Turns: 1502, Time: 00:04:29

Health: 0/37       AC:  6    Str: 20    XL:     4   Next: 64%
Magic:  3/3        EV: 13    Int:  5    God:
Gold:   115        SH:  0    Dex: 11    Spells: 3/3 levels left

rFire    . . .     SeeInvis .   a - +0 war axe
rCold    . . .     Gourm    .   (no shield)
rNeg     . . .     Faith    .   b - +0 leather armour
rPois    .         Spirit   .   c - +0 hat
rElec    .         Reflect  .   n - +2 cloak
rCorr    .         Harm     .   (no gloves)
MR       .....                  (no boots)
Stlth    +++.......             (no amulet)
HPRegen  0.12/turn              i - ring of stealth
MPRegen  0.08/turn              h - ring of stealth

@: about to teleport
A: retaliatory headbutt, horns 2
a: no special abilities


You were on level 3 of the Dungeon.
You were not hungry.

You visited 1 branch of the dungeon, and saw 3 of its levels.

You collected 115 gold pieces.

Inventory:

Hand Weapons
 a - a +0 war axe (weapon)
Missiles
 d - 3 throwing nets (quivered)
Armour
 b - a +0 leather armour (worn)
 c - a +0 hat (worn)
 j - a +0 cloak
 n - a +2 cloak (worn)
Jewellery
 h - a ring of stealth (right hand)
 i - a ring of stealth (left hand)
Scrolls
 e - 5 scrolls of identify
 o - a scroll of immolation {unknown}
 p - a scroll of enchant armour
 r - 2 scrolls of remove curse {unknown}
 s - a scroll of teleportation
 v - 3 scrolls of blinking {unknown}
Potions
 g - 2 potions of flight {unknown}
 k - a potion of heal wounds {unknown}
 l - a potion of might {unknown}
 q - a potion of curing {unknown}
 u - a potion of degeneration {unknown}
 w - a potion of berserk rage {unknown}
 x - a potion of lignification {unknown}
Comestibles
 f - 5 rations
 t - 6 chunks of flesh


   Skills:
 + Level 2.9 Fighting
 + Level 5.1 Axes
 + Level 2.1 Throwing
 + Level 1.9 Armour
 + Level 4.1 Dodging
 - Level 0.1 Stealth


You had 3 spell levels left.
You didn't know any spells.
Your spell library was empty.

Dungeon Overview and Level Annotations

Branches:
Dungeon (3/15)

Altars:
Ashenzari
Ru
Sif Muna


Innate Abilities, Weirdness & Mutations

You reflexively headbutt those who attack you in melee.
You have a pair of horns on your head.


Message History

The hobgoblin hits you but does no damage.
The gnoll hits you from afar with a spear.
* * * LOW HITPOINT WARNING * * *
As you read the scroll labeled MIUMIH JIEVOOFYO, it crumbles to dust.
It is a scroll of identify.
p - 2 scrolls of enchant armour The gnoll hits you from afar with a spear.
* * * LOW HITPOINT WARNING * * *
The gnoll barely misses you. The hobgoblin misses you.
The gnoll hits you from afar with a spear.
* * * LOW HITPOINT WARNING * * *
As you read the scroll of enchant armour, it crumbles to dust.
Your +1 cloak glows green for a moment.
The gnoll hits you but does no damage.
The hobgoblin hits you but does no damage.
The gnoll hits you from afar with a spear.
* * * LOW HITPOINT WARNING * * *
As you read the scroll labeled LAXKEXALAM, it crumbles to dust.
You feel strangely unstable.
It was a scroll of teleportation.
The gnoll hits you from afar with a spear.
You die...

#..# ########..#
..........#
#########.# #.# #
#.# #
#.#.#########.#
#.......§§§§..####
##+#.....gg@§.....g
........†.g§§#######
...?......g§§+
..............#
........#######
........# .........
g...... .....


You could see 3 gnolls and 2 hobgoblins.

Vanquished Creatures
  A hound skeleton (D:2)
  A gnoll (D:1)
  4 adders
  An ooze (D:2)
  A worm (D:2)
  A dart slug (D:1)
  A leopard gecko (D:3)
  A ball python (D:3)
  7 bats
  2 giant cockroaches (D:2)
  6 goblins
  5 hobgoblins
  2 jackals (D:3)
  2 kobolds
  3 quokkas
  3 frilled lizards
  5 rats (D:1)
46 creatures vanquished.

Notes
Turn   | Place    | Note
-------+----------+-------------------------------------------
     0 | D:1      | Gaplan the Minotaur Gladiator began the quest for the Orb.
     0 | D:1      | Reached XP level 1. HP: 18/18 MP: 0/0
   127 | D:1      | Found a shattered altar of Ashenzari.
   136 | D:1      | Reached skill level 1 in Armour
   136 | D:1      | Reached XP level 2. HP: 25/25 MP: 1/1
   477 | D:1      | Reached skill level 4 in Axes
   553 | D:1      | Reached XP level 3. HP: 30/30 MP: 2/2
   902 | D:2      | Reached XP level 4. HP: 37/37 MP: 3/3
  1295 | D:2      | Found a sacrificial altar of Ru.
  1295 | D:2      | Found a deep blue altar of Sif Muna.
  1406 | D:3      | Reached skill level 5 in Axes
  1502 | D:3      | Slain by a gnoll

Skill      XL: |  1  2  3  4 |
---------------+-------------+-----
Armour         | 1 |  1.9
Axes           | 4 5 |  5.1
Dodging        | 4 |  4.1
Fighting       | |  2.9
Throwing       | |  2.1
Stealth        | |  0.1

Action                   |  1- 3 |  4- 6 || total
-------------------------+-------+-------++-------
Melee: War axe           |    45 |    23 ||    68
       Headbutt          |     6 |     3 ||     9
  Use: Scroll            |       |     4 ||     4
 Stab: Sleeping          |     2 |    12 ||    14
  Eat: Chunk             |       |     2 ||     2
Armor: Leather armour    |    10 |    15 ||    25
Dodge: Dodged            |    42 |    21 ||    63
